 Dungeon Crawl Stone Soup version 0.31-a0-977-gc230f8e (webtiles) character file.

Game seed: 9384497844253594779

14251 PurpleRed the Carver (level 11, 0/106 HPs)
             Began as a Deep Elf Berserker on Oct 29, 2023.
             Was an Elder of Trog.
             Slain by an elephant (7 damage)
             ... on level 3 of the Lair of Beasts.
             The game lasted 00:46:39 (6264 turns).

PurpleRed the Carver (Deep Elf Berserker)           Turns: 6264, Time: 00:46:40

Health: 0/106      AC: 14    Str: 17    XL:     11   Next: 86%
Magic:  0/13       EV: 15    Int: 13    God:    Trog [****..]
Gold:   106        SH:  0    Dex: 27    Spells: 10/10 levels left

rFire   . . .        v - +5 scimitar
rCold   + . .        (no shield)
rNeg    . . .        V - +5 scale mail "Nasozeej" {rPois Dex+3}
rPois   +            H - +0 helmet of the Present {rC+ Regen+ Str+3}
rElec   .            g - +0 cloak
rCorr   +            (no gloves)
SInv    .            (no boots)
Will    +....        i - amulet of guardian spirit Stlth
                     B - +6 ring of dexterity
HPRegen 1.17/turn    z - ring of resist corrosion
MPRegen 0.13/turn

%: guardian spirit
@: berserking (expiring), studying Staves, very quick
A: no striking features
a: Renounce Religion, Berserk, Trog's Hand, Brothers in Arms


You were on level 3 of the Lair of Beasts.
You worshipped Trog.
Trog was greatly pleased with you.
You visited 3 branches of the dungeon, and saw 16 of its levels.

You collected 539 gold pieces.
You spent 433 gold pieces at shops.

Inventory:

Hand Weapons
 e - a +5 falchion
 v - a +5 scimitar (weapon)
 w - a +5 short sword of freezing
 A - a +4 long sword of freezing
 U - the +8 spear of Recklessness {flame, rN+ Str+3}
   (You found it on level 10 of the Dungeon)

   Str+3:     It affects your strength (+3).
   rN+:       It protects you from negative energy.
Missiles
 c - 6 javelins
 s - 7 boomerangs
 R - 2 throwing nets
Armour
 g - a +0 cloak (worn)
 y - +0 steam dragon scales
 D - a +0 cloak
 G - +0 acid dragon scales
 H - the +0 helmet of the Present (worn) {rC+ Regen+ Str+3}
   (You bought it in a shop on level 2 of the Dungeon)

   Str+3:     It affects your strength (+3).
   rC+:       It protects you from cold.
   Regen+:    It increases your rate of health regeneration.
 M - a +1 chain mail of cold resistance
 S - a +0 kite shield
 T - a +0 troll leather armour
 V - the +5 scale mail "Nasozeej" (worn) {rPois Dex+3}
   (You bought it in a shop on level 8 of the Dungeon)

   Dex+3:     It affects your dexterity (+3).
   rPois:     It protects you from poison
Jewellery
 b - a +6 ring of intelligence
 i - an amulet of guardian spirit (around neck)
 l - a ring of wizardry
 z - a ring of resist corrosion (right hand)
 B - a +6 ring of dexterity (left hand)
Wands
 a - a wand of roots (5)
 r - a wand of charming (13)
 u - a wand of flame (41)
 N - a wand of mindburst (8)
 Q - a wand of light (6)
Scrolls
 x - 5 scrolls of teleportation
 J - 3 scrolls of blinking
 K - a scroll of immolation
Potions
 f - a potion of heal wounds
 j - 3 potions of berserk rage
 k - 3 potions of might
 m - a potion of mutation
 n - 5 potions of enlightenment
 E - a potion of brilliance
 F - 4 potions of curing
 I - a potion of resistance
 L - a potion of invisibility
 O - 3 potions of magic {unknown}
 P - a potion of haste


   Skills:
 + Level 9.3 Fighting
 * Level 13.7 Long Blades
 + Level 3.4 Armour
 + Level 7.5 Dodging


You had 10 spell levels left.
You didn't know any spells.
Your spell library contained the following spells:

 Spells                   Type           Power      Damage    Failure   Level
 Apportation              Tloc           0%         N/A       69%         1
 Freeze                   Ice            0%         1d3       69%         1
 Jinxbite                 Hex            0%         N/A       83%         2
 Frozen Ramparts          Ice            0%         1d1       96%         3
 Hailstorm                Conj/Ice       0%         3d3       96%         3
 Inner Flame              Hex/Fire       0%         N/A       96%         3
 Alistair's Intoxication  Tmut/Pois      0%         N/A       100%        5
 Yara's Violent Unravell  Hex/Tmut       0%         3d3       100%        5
 Enfeeble                 Hex            0%         N/A       100%        7


Dungeon Overview and Level Annotations

Branches:
Dungeon (12/15)            Temple (1/1) D:5            Lair (3/5) D:10
    Orc (0/2) D:12
  Swamp: Lair:2-3    Shoals: Lair:2-3     Snake: Lair:2-3    Spider: Lair:2-3

Altars:
Ashenzari
Cheibriados
Dithmenos
Elyvilon
Fedhas
Gozag
Hepliaklqana
Kikubaaqudgha
Makhleb
Nemelex Xobeh
Okawaru
Qazlal
Ru
Sif Muna
Trog
Uskayaw
Vehumet
Wu Jian
Xom
Yredelemnul
Zin
The Shining One

Shops:
D:2 ![=   D:8 [   D:11 *

Annotations:
D:5 2 transporters, Prince Ribbit; arghonaut's ghost, novice DsCj
Lair:2 Urug


Message History

You slash the elephant!
You kill the elephant!
Trog accepts your kill.
You barely miss the elephant. You slice the elephant!!
The elephant is heavily wounded.
The elephant completely misses you. The elephant misses you.
The elephant tramples you!
* * * LOW HITPOINT WARNING * * *
You hold your ground!
The elephant closely misses you.
You hit the elephant.
The elephant is heavily wounded.
You barely miss the elephant.
The elephant is heavily wounded.
The elephant barely misses you.
The elephant trunk-slaps you but does no damage.
The elephant tramples you.
* * * LOW HITPOINT WARNING * * *
You hold your ground!
The elephant trunk-slaps you but does no damage.
The elephant closely misses you. The elephant misses you.
You slice the elephant!!
The elephant is severely wounded.
You slash the elephant!
You kill the elephant!
Trog accepts your kill. The elephant tramples you!
* * * LOW HITPOINT WARNING * * *
You hold your ground!
The elephant trunk-slaps you but does no damage.
The elephant closely misses you.
The elephant trunk-slaps you but does no damage.
You slice the elephant!!
The elephant is heavily wounded.
You slice the elephant!!
The elephant is almost dead.
The elephant tramples you but does no damage.
The elephant trunk-slaps you but does no damage.
The elephant tramples you!
You die...

###.P#... ..
......... .
###.......
.# #........
..#
.l....#.##.#
...#.8..#
#.....#
#8Y<.8##
#@†....#
##Y..###
.#..#
#......
.#.....# #.
.!$#.#
+.#.8...+ .
..#..


You could see 2 elephants.

Vanquished Creatures
  Erolcha (D:11)
  A centaur warrior (D:12)
  A two-headed ogre (D:10)
  A skyshark (Lair:3)
  2 deep elf pyromancers (D:12)
  A cyclops (D:12)
  A manticore (D:11)
  3 elephants (Lair:3)
  A cane toad (Lair:2)
  2 kobold demonologists
  A komodo dragon (D:10)
  A troll (D:10)
  3 slime creatures (D:12)
  3 wraiths
  2 shadows
  Sigmund (D:5)
  3 yaks (D:8)
  A wyvern (D:10)
  3 steam dragons
  2 acid dragons
  2 water moccasins
  5 black bears
  3 orc warriors
  An ice beast (D:8)
  10 wolves (Lair:1)
  2 centaurs
  A kobold brigand (D:9)
  3 phantoms
  2 gnoll sergeants (D:9)
  4 bullfrogs
  2 scorpions
  21 wights
  3 troll zombies (D:12)
  7 howler monkeys
  7 orc priests
  2 hounds
  A gnoll bouda (D:7)
  Ijyb (D:5)
  4 iguanas
  16 orc wizards
  3 ogre zombies (D:12)
  15 gnolls
  4 adders
  2 white imps
  2 worms
  A dart slug (D:1)
  39 orcs
  2 ball pythons
  3 endoplasms
  A giant cockroach (D:2)
  2 goblins
  A hobgoblin (D:3)
  12 kobolds
  A quokka (D:5)
  2 bats
  2 frilled lizards (D:3)
  3 gnoll skeletons (D:12)
  3 gnoll zombies (D:12)
  An orc skeleton (D:12)
  10 orc zombies (D:12)
  A rat (D:3)
241 creatures vanquished.

Notes
Turn   | Place    | Note
-------+----------+-------------------------------------------
     0 | D:1      | PurpleRed the Deep Elf Berserker began the quest for the
                  | Orb.
     0 | D:1      | Reached XP level 1. HP: 13/13 MP: 3/3
    34 | D:2      | Found Nil Sumuturr's Jewellery Shoppe.
    39 | D:2      | Found a shimmering blue altar of Sif Muna.
    81 | D:2      | Found Idiexige's Distillery.
   152 | D:2      | Reached skill level 3 in Long Blades
   170 | D:2      | Reached XP level 2. HP: 16/18 MP: 4/4
   170 | D:2      | Found Koesm's Antique Armour Shoppe.
   559 | D:3      | Found a hazy altar of Hepliaklqana.
   618 | D:3      | Found a glowing golden altar of the Shining One.
   809 | D:4      | Reached XP level 3. HP: 23/23 MP: 2/5
   837 | D:4      | Reached skill level 4 in Long Blades
   837 | D:4      | Reached XP level 4. HP: 26/28 MP: 6/6
   837 | D:4      | Noticed a scorpion
   854 | D:4      | Killed a scorpion
   855 | D:4      | Reached XP level 5. HP: 7/32 MP: 3/7
   881 | D:4      | Identified the +1 robe of the Garden {Str+4 Slay+2}
  1022 | D:4      | Noticed a phantom
  1030 | D:4      | Killed a phantom
  1031 | D:4      | Reached skill level 5 in Long Blades
  1102 | D:4      | Found an ancient bone altar of Kikubaaqudgha.
  1149 | D:5      | Entered Level 5 of the Dungeon
  1157 | D:5      | Found a staircase to the Ecumenical Temple.
  1170 | Temple   | Entered the Ecumenical Temple
  1190 | D:5      | Reached XP level 6. HP: 32/38 MP: 6/8
  1194 | D:5      | Noticed Sigmund
  1208 | D:5      | Killed Sigmund
  1244 | D:5      | Reached ** piety under Trog
  1245 | D:5      | Reached skill level 6 in Long Blades
  1274 | Temple   | Reached XP level 7. HP: 8/43 MP: 2/9
  1536 | D:6      | Noticed a steam dragon
  1545 | D:6      | Killed a steam dragon
  1546 | D:6      | Reached skill level 5 in Fighting
  1546 | D:6      | Reached skill level 7 in Long Blades
  1646 | D:5      | Reached XP level 8. HP: 49/49 MP: 8/10
  1669 | D:5      | Found a hide-covered altar of Uskayaw.
  1825 | D:5      | Noticed Ijyb
  1831 | D:5      | Killed Ijyb
  1859 | D:5      | Noticed an angel
  1860 | D:5      | Found a glowing silver altar of Zin.
  1939 | D:5      | Reached skill level 8 in Long Blades
  2020 | D:5      | Noticed Prince Ribbit
  2039 | D:5      | Found a transporter.
  2039 | D:5      | Noticed arghonaut's ghost (novice DsCj)
  2043 | D:5      | Found a transporter.
  2130 | D:6      | HP: 2/43 [wight/+5 falchion (4)]
  2308 | D:6      | Found an iron altar of Okawaru.
  2370 | D:6      | Found a shimmering blue altar of Sif Muna.
  2499 | D:6      | Reached skill level 9 in Long Blades
  2541 | D:6      | Reached XP level 9. HP: 21/52 MP: 5/11
  2873 | D:7      | Found a blossoming altar of Fedhas.
  2881 | D:7      | Found a shadowy altar of Dithmenos.
  2886 | D:7      | Found a radiant altar of Vehumet.
  3023 | D:2      | Bought a masterwork helmet for 171 gold pieces
  3023 | D:2      | Identified the +0 helmet of the Present {rC+ Regen+ Str+3}
                  | (You bought it in a shop on level 2 of the Dungeon)
  3433 | D:7      | Reached skill level 5 in Dodging
  3488 | D:8      | Reached skill level 10 in Long Blades
  3738 | D:8      | Found Cuhopnin's Antique Armour Emporium.
  3844 | D:8      | Reached XP level 10. HP: 46/63 MP: 6/12
  3921 | D:8      | Found a shimmering altar of Xom.
  3951 | D:9      | Reached *** piety under Trog
  3965 | D:10     | Entered Level 10 of the Dungeon
  4244 | D:9      | Reached skill level 11 in Long Blades
  4256 | D:9      | Found a burning altar of Makhleb.
  4320 | D:10     | Found a staircase to the Lair.
  4382 | D:11     | Noticed a manticore
  4400 | D:11     | Killed a manticore
  4463 | D:10     | Noticed a two-headed ogre
  4469 | D:10     | Killed a two-headed ogre
  4571 | D:10     | Reached **** piety under Trog
  4573 | D:10     | Reached skill level 12 in Long Blades
  4669 | D:10     | Found an ornate altar of the Wu Jian Council.
  4770 | D:10     | Found a bloodstained altar of Trog.
  4884 | D:10     | Identified the +8 spear of Recklessness {flame, rN+ Str+3}
  4997 | D:12     | Noticed a deep elf pyromancer
  4998 | D:12     | Noticed a centaur warrior
  5025 | D:11     | Found Rohyt's CLEARANCE SALE!.
  5034 | D:11     | Bought a potion of degeneration for 7 gold pieces
  5034 | D:11     | Bought a potion of curing for 21 gold pieces
  5056 | D:12     | Noticed a cyclops
  5070 | D:12     | Killed a cyclops
  5095 | D:12     | Killed a centaur warrior
  5096 | D:12     | Reached XP level 11. HP: 28/69 MP: 1/13
  5149 | D:12     | Killed a deep elf pyromancer
  5154 | D:12     | Noticed a sun demon
  5245 | D:11     | Noticed a boulder beetle
  5300 | D:11     | Noticed Erolcha
  5318 | D:11     | Killed Erolcha
  5568 | D:12     | Reached skill level 13 in Long Blades
  5618 | D:12     | Found a staircase to the Orcish Mines.
  5715 | D:12     | Noticed a deep elf pyromancer
  5732 | D:12     | Killed a deep elf pyromancer
  5939 | D:8      | Bought a twisted scale mail for 234 gold pieces
  5939 | D:8      | Identified the +5 scale mail "Nasozeej" {rPois Dex+3} (You
                  | bought it in a shop on level 8 of the Dungeon)
  6039 | Lair:1   | Entered Level 1 of the Lair of Beasts
  6226 | Lair:2   | Noticed Urug
  6227 | Lair:3   | Identified the "Jecwiag"
  6227 | Lair:3   | Noticed a skyshark
  6244 | Lair:3   | Killed a skyshark
  6262 | Lair:3   | HP: 5/106 [elephant (11)]
  6264 | Lair:3   | Slain by an elephant

Illustrated notes

Levels and vault maps discovered:
D:1:      dpeg_arrival_pits, layout_loops_corners
D:2:      layout_basic, basic_altar, serial_shops, shop, nicolae_square_shop,
          nicolae_square_shop, shop, nicolae_shop_real_fake_doors
D:3:      layout_basic, lemuel_crystal_altar, tso_altar, uniq_crazy_yiuf_cottage
D:4:      layout_loops_cross, mainiacjoe_overflow_paths
D:5:      layout_loops_cross, zin_angel, old_standard_altar,
          minmay_temple_entry_waves, gammafunk_ghost_smash, uniq_sigmund,
          uniq_ijyb, uniq_prince_ribbit1
D:6:      layout_basic, okawaru_gym_becter, nicolae_sif_muna_condensation
D:7:      layout_basic, minmay_overflow_temple_star_quad
D:8:      layout_layer_cave, mainiacjoe_overflow_cross_hatched, serial_shops,
          shop
D:9:      layout_irregular_city, mainiacjoe_overflow_surrounded_room
D:10:     layout_loops_ring, pf_just_have_faith, mainiacjoe_overflow_boulevard,
          david_lair_shrubbed, minmay_misc_feat_encased
D:11:     layout_basic, nicolae_shop_clearance, uniq_erolcha
D:12:     layout_loops_ring, zombieorc1_lemuel, kennysheep_generic_room_14
Temple:   nicolae_temple_colour_theory
Lair:1:   layout_cave_pods, grunt_megastairs_5, infiniplex_staircase_pool,
          uniq_harold
Lair:2:   layout_layer_cave, minmay_swamp_entry_swarm, spider_nest_entry_a,
          uniq_urug
Lair:3:   layout_cave_pods, enter_volcano_2, grunt_megastairs_1,
          lemuel_fruit_fields, uniq_nessos, uniq_amaemon

Skill      XL: |  1  2  3  4  5  6  7  8  9 10 11 |
---------------+----------------------------------+-----
Long Blades    | 3 4 5 6 7 9 10 12 13 | 13.7
Fighting       | 3 4 5 6 7 8 9 |  9.3
Dodging        | 3 6 7 |  7.5
Armour         | 3 |  3.4

Action                     |  1- 3 |  4- 6 |  7- 9 | 10-12 || total
---------------------------+-------+-------+-------+-------++-------
  Melee: Falchion          |    69 |    80 |   173 |       ||   322
         Punch             |     1 |     2 |     3 |     5 ||    11
         Scimitar          |       |       |     8 |   152 ||   160
         Long sword        |       |       |   120 |   251 ||   371
 Invoke: Berserk           |     2 |     4 |    15 |     8 ||    29
         Trog's Hand       |       |       |       |     1 ||     1
    Use: Scroll            |     4 |       |    10 |     5 ||    19
         Potion            |       |     2 |     4 |     1 ||     7
   Stab: Distracted        |     1 |       |       |       ||     1
         Sleeping          |       |       |     1 |       ||     1
 Armour: Animal skin       |    15 |       |       |       ||    15
         Ring mail         |    26 |     3 |       |       ||    29
         Skin              |       |    15 |       |       ||    15
         Robe              |       |    51 |   129 |       ||   180
         Steam dragon scal |       |       |    45 |    69 ||   114
         Acid dragon scale |       |       |       |    75 ||    75
         Scale mail        |       |       |       |    90 ||    90
  Dodge: Dodged            |    46 |    35 |   150 |   284 ||   515

Table legend: (Time is in decaauts)
 A = Elapsed time spent in this place.
 B = Non-inter-level travel time spent in this place.
 C = Inter-level travel time spent in this place.
 D = Time resting spent in this place.
 E = Time spent auto-exploring this place.
 F = Levels seen in this place.
 G = Mean time per level.
                   A        B        C        D        E       F      G
               +--------+--------+--------+--------+--------+-----+--------+
         Total |   6417 |   6056 |    361 |     97 |      0 |  16 |  401.1 |
       Dungeon |   6121 |   5760 |    361 |     69 |      0 |  12 |  510.1 |
        Temple |    103 |    103 |      0 |     28 |      0 |   1 |  103.0 |
          Lair |    193 |    193 |      0 |      0 |      0 |   3 |   64.3 |
               +--------+--------+--------+--------+--------+-----+--------+

Top non-repeatable levels by time:
     D:5: 879 daAuts
     D:6: 654 daAuts
     D:8: 611 daAuts
    D:12: 558 daAuts
     D:4: 554 daAuts
    D:10: 536 daAuts
    D:11: 491 daAuts
     D:3: 430 daAuts
     D:9: 427 daAuts
     D:7: 423 daAuts
     D:2: 354 daAuts
     D:1: 198 daAuts
  Lair:1: 126 daAuts
  Temple: 103 daAuts
  Lair:2: 46 daAuts
